AoeStats
← [OMG] Dodoo9512

Black Forest

506239014Analyzed
1v1 RM · 18d ago on Sep 12, 2026· 83m 24s· 2 players
Game mode
Random Map
Map size
Tiny (2 player)
Population
200
Speed
Normal
Resources
Standard
Victory
Conquest
Starting age
Dark Age
Ending age
Imperial Age
RankedLock teamsTeams togetherTeam positionsShared explorationLock speedFull tech treeHidden civsTurbo modeCheats
Victory
Defeat
🇹🇷 Portuguese · Türkiye
878
+15
🇨🇿 Armenians · Czechia
853
-15
[OMG] Dodoo9512
11:01 Feudal Age
11:48 Horse Collar
11:56 Double-Bit Axe
12:09 Man-at-Arms
12:59 Arson
14:05 Long Swordsman
15:09 Scale Mail Armor
15:10 Loom
16:15 Forging
24:02 Castle Age
25:33 Iron Casting
24:49 Fletching
25:42 Squires
25:03 Two-Handed Swordsman
25:29 Gambesons
27:02 Chain Mail Armor
26:44 Bodkin Arrow
27:08 Chain Mail Armor
27:40 Bow Saw
27:21 Gold Mining
26:57 Champion
34:54 Imperial Age
33:32 Gold Shaft Mining
33:09 Heavy Plow
32:58 Town Watch
34:27 Stone Mining
34:59 Scale Barding Armor
35:01 Husbandry
35:12 Bloodlines
36:19 Onager
38:08 Bracer
39:16 Town Patrol
41:26 Plate Mail Armor
44:27 Blast Furnace
45:20 Chain Barding Armor
45:16 Cavalier
52:53 Light Cavalry
58:20 Wheelbarrow
Hatoci
0:57 Loom
14:55 Feudal Age
15:02 Feudal Age
18:59 Castle Age
19:46 Double-Bit Axe
24:29 Imperial Age
29:08 Town Watch
29:56 Fortified Wall
30:59 Gold Mining
34:26 Chemistry
33:17 Town Watch
34:50 Stone Mining
35:53 Wheelbarrow
35:30 Bow Saw
38:03 Conscription
38:53 Arquebus
40:45 Ballistics
41:56 Bombard Tower
42:23 Redemption
45:15 Elite Organ Gun
47:01 Hand Cart
46:46 Town Patrol
46:12 Light Cavalry
47:03 Bloodlines
46:53 Husbandry
46:14 Cavalier
48:19 Stone Shaft Mining
47:58 Fletching
48:08 Padded Archer Armor
48:18 Forging
48:08 Scale Mail Armor
48:14 Scale Barding Armor
53:09 Iron Casting
52:49 Chain Mail Armor
52:55 Chain Barding Armor
52:33 Bodkin Arrow
52:54 Leather Archer Armor
53:10 Siege Engineers
53:01 Murder Holes
53:16 Masonry
54:04 Block Printing
58:48 Blast Furnace
58:04 Chain Mail Armor
58:24 Plate Barding Armor
57:50 Bracer
58:21 Ring Archer Armor
81:19 Pikeman
Connection lost

Rejoining the realm…

Still unreachable

The connection could not be restored.

Session expired

The server has moved on; the page needs a fresh start.